 Dungeon Crawl Stone Soup version 0.30-a0-339-g89bb51ec76 (webtiles) character file.

Game seed: 9339523862965199108

28 lunkers the Digger (level 3, -5/26 HPs)
             Began as a Meteoran Earth Elementalist on Nov 1, 2022.
             Slain by a gnoll
             ... wielding a +0 club
              (6 damage)
             ... on level 2 of the Dungeon.
             The game lasted 00:00:29 (542 turns).

lunkers the Digger (Meteoran Earth Elementalist)     Turns: 542, Time: 00:00:30

Health: -5/26      AC:  2    Str:  9    XL:     3   Next: 50%
Magic:  2/8        EV:  9    Int: 19    God:
Gold:   34         SH:  0    Dex: 14    Spells: 2/8 levels left

rFire   . . .      SeeInvis .    (no weapon)
rCold   . . .      Faith    .    (no shield)
rNeg    . . .      Spirit   .    a - +0 robe
rPois   .          Reflect  .    (no helmet)
rElec   .          Harm     .    (no cloak)
rCorr   .          Rampage  .    (no gloves)
Will    .....                    (no boots)
Stlth   +.........               (no amulet)
HPRegen 0.24/turn                (no ring)
MPRegen 0.11/turn                (no ring)

@: lethally poisoned (-5 -> -9), glowing, constricted
A: sense surroundings 1, otherworldly, glowing, explore regen
a: no special abilities


You were on level 2 of the Dungeon.
You visited 1 branch of the dungeon, and saw 2 of its levels.

You collected 34 gold pieces.

Inventory:

Armour
 a - a +0 robe (worn)
Jewellery
 e - a +6 ring of strength
Scrolls
 c - a scroll of teleportation {unknown}
Potions
 b - a potion of magic
 d - a potion of might {unknown}
 f - 2 potions of berserk rage {unknown}
 g - a potion of curing {unknown}


   Skills:
 - Level 2.4 Dodging
 - Level 1.4 Stealth
 + Level 3.3 Spellcasting
 + Level 0.1 Conjurations
 - Level 1.2 Transmutations
 * Level 4.6 Earth Magic


You had 2 spell levels left.
You knew the following spells:

 Your Spells              Type           Power      Damage    Failure   Level
a - Sandblast             Erth           40%        2d10      2%          1
b - Passwall              Tmut/Erth      11%        N/A       7%          2
c - Stone Arrow           Conj/Erth      24%        3d8       17%         3

Your spell library contained the following spells:

 Spells                   Type           Power      Damage    Failure   Level
 Petrify                  Tmut/Erth      14%        N/A       41%         4


Dungeon Overview and Level Annotations

Branches:
Dungeon (2/15) Zot: 640

Altars:


Innate Abilities, Weirdness & Mutations

You passively map a small area around you.
You are easily found by Zot.
You glow in the dark.
You regain HP and MP as you explore.


Message History

Confirm with . or Enter, or press ? or * to list all spells.
The blast of sand misses the adder.
A gnoll comes into view. It is wielding a +0 whip.
Casting: Sandblast (safe; 2% risk of failure)
Confirm with . or Enter, or press ? or * to list all spells.
The blast of sand misses the adder.
A goblin comes into view. It is wielding a +0 club.
The adder bites you.
Casting: Sandblast (safe; 2% risk of failure)
Confirm with . or Enter, or press ? or * to list all spells.
The blast of sand misses the gnoll.
The goblin shouts!
The gnoll hits you with a +0 club. The adder bites you.
You are poisoned.
The adder poisons you!
Casting: Sandblast (safe; 2% risk of failure)
Confirm with . or Enter, or press ? or * to list all spells.
The blast of sand misses the gnoll.
You feel very sick.
The gnoll hits you from afar with a +0 spear.
* * * LOW HITPOINT WARNING * * *
The adder barely misses you. The ball python closely misses you. x2
The gnoll closely misses you. The gnoll hits you with a +0 club.
* * * LOW HITPOINT WARNING * * *
The ball python barely misses you. x2; The adder bites you.
* * * LOW HITPOINT WARNING * * *
The gnoll misses you.
Unknown command.
Aiming: Sandblast (safe; 2% risk of failure)
Press: ? - help, Q - select action, (/) - cycle Shift-Dir - straight line, f/p - gnoll
Aim: a gnoll, wielding a +0 club (85% to hit)
The blast of sand hits the gnoll.
The gnoll is lightly wounded.
* * * LOW HITPOINT WARNING * * *
You feel sick. The adder closely misses you.
The ball python closely misses you. The ball python grabs you.
The ball python constricts you.
* * * LOW HITPOINT WARNING * * *
The gnoll hits you with a +0 club.
You die...

*,, * * ......
..... , ...# *
#...##+# ,...
#...##.# #..* *
#..g##.# ..
#.gg##.###.# **
### #.gS##.##..#
....#.S@##.##.###,
, *
###.....##.....<#
#..(.)..#..#.####
#.......#....# ,
#............# *
#.....>.......(..,
#......###...####
* * #......* #####
.......


You could see 3 gnolls, an adder, a goblin and a ball python.

Vanquished Creatures
  A ball python (D:1)
  2 endoplasms
  A giant cockroach (D:1)
  A goblin (D:1)
  2 hobgoblins (D:1)
  7 jackals (D:1)
  2 quokkas (D:1)
  3 bats (D:1)
  A frilled lizard (D:1)
  3 kobolds
  A rat (D:1)
24 creatures vanquished.

Notes
Turn   | Place    | Note
-------+----------+-------------------------------------------
     0 | D:1      | lunkers the Meteoran Earth Elementalist began the quest for
                  | the Orb.
     0 | D:1      | Reached XP level 1. HP: 14/14 MP: 5/5
   118 | D:1      | Reached XP level 2. HP: 20/20 MP: 3/6
   132 | D:1      | Reached skill level 4 in Earth Magic
   426 | D:1      | Reached XP level 3. HP: 26/26 MP: 5/8
   439 | D:1      | Learned a level 2 spell: Passwall
   443 | D:1      | Learned a level 3 spell: Stone Arrow
   487 | D:1      | Glimpsed the power of Zot.
   542 | D:2      | HP: 1/26 [constriction (1)]
   542 | D:2      | Slain by a gnoll

Illustrated notes

Levels and vault maps discovered:
D:1:      minmay_arrival_nine_rooms, layout_loops_cross
D:2:      layout_basic

Skill      XL: |  1  2 |
---------------+-------+-----
Earth Magic    | 4 |  4.6
Spellcasting   | 3 |  3.3
Dodging        | |  2.4
Stealth        | |  1.4
Conjurations   | |  0.1
Transmutations | |  1.2

Action                   || total
-------------------------++-------
 Cast: Sandblast         ||    33
Armor: Robe              ||     1
Dodge: Dodged            ||    13

Table legend: (Time is in decaauts)
 A = Elapsed time spent in this place.
 B = Non-inter-level travel time spent in this place.
 C = Inter-level travel time spent in this place.
 D = Time resting spent in this place.
 E = Time spent auto-exploring this place.
 F = Levels seen in this place.
 G = Mean time per level.
                   A        B        C        D        E       F      G
               +--------+--------+--------+--------+--------+-----+--------+
         Total |    557 |    523 |     34 |      0 |    424 |   2 |  278.5 |
       Dungeon |    557 |    523 |     34 |      0 |    424 |   2 |  278.5 |
               +--------+--------+--------+--------+--------+-----+--------+

Top non-repeatable levels by time:
     D:1: 535 daAuts
     D:2: 22 daAuts
